 Dungeon Crawl Stone Soup version 0.30.0-18-gf1372a6a44 (webtiles) character file.

Game seed: 5527967953028822135

217421 qw the Peltast (level 19, -28/124 HPs)
             Began as a Gargoyle Fighter on May 22, 2023.
             Was an Elder of Okawaru.
             Annihilated by Zenata
             ... wielding a +3 lajatang
              (51 damage)
             ... on level 1 of the Vaults on May 23, 2023.
             The game lasted 00:20:17 (31370 turns).

qw the Peltast (Gargoyle Fighter)                  Turns: 31370, Time: 00:20:18

Health: -28/124    AC: 50    Str: 39    XL:     19   Next: 8%
Magic:  26/26      EV: 23    Int: 12    God:    Okawaru [****..]
Gold:   1461       SH: 30    Dex: 20    Spells: 18/18 levels left

rFire   + + .        a - +8 mithril axe "Arga" {speed, Will+}
rCold   + . .        v - +0 tower shield
rNeg    + + +        w - +12 chain mail "Ramuusue" {rN+ Int+3 Dex+3}
rPois   inf          u - +1 helmet of Vexation {rF+ rN+ Str+7 Int-2}
rElec   +            D - scarf {rC+ rF+}
rCorr   .            q - +2 pair of gloves
SInv    .            e - +2 pair of boots
Will    ++...        j - amulet of reflection
Stlth   +            B - ring of Qihidea {Str+6 Dex+8}
HPRegen 0.40/turn    h - +5 ring of evasion
MPRegen 0.20/turn

%: reflection
@: about to teleport, heroic, marked, flying
A: sickness immunity, AC +14, big wings, negative energy resistance 1,
electricity resistance, torment resistance 1, petrification resistance
}: 1/15 runes: decaying
a: Renounce Religion, Heroism, Finesse


You were on level 1 of the Vaults.
You worshipped Okawaru.
Okawaru was greatly pleased with you.
You visited 7 branches of the dungeon, and saw 31 of its levels.
You also visited: Sewer.

You collected 3058 gold pieces.
You spent 1597 gold pieces at shops.


Innate Abilities, Weirdness & Mutations

You are immune to sickness and miasma.
Your stone body is resilient. (AC +14)
You are immune to poison.
Your large and strong wings let you fly.
You resist negative energy. (rN+)
You are resistant to electric shocks. (rElec)
You are resistant to unholy torment.
You are immune to petrification.


   Skills:
 - Level 15.0(20.0) Fighting
 - Level 18.0(23.0) Axes
 - Level 8.0(13.0) Throwing
 - Level 12.0(17.0) Armour
 - Level 8.0(13.0) Dodging
 + Level 18.6(23.6) Shields
 - Level 10.0 Invocations


You had 18 spell levels left.
You didn't know any spells.
Your spell library was empty.

Inventory:

Hand Weapons
 a - the +8 mithril axe "Arga" (weapon) {speed, Will+}
   (Okawaru gifted it to you on level 13 of the Dungeon)

   Will:      It increases your willpower.
Missiles
 A - 16 boomerangs (quivered)
Armour
 e - a +2 pair of boots (worn)
 q - a +2 pair of gloves (worn)
 t - +0 acid dragon scales
 u - the +1 helmet of Vexation (worn) {rF+ rN+ Str+7 Int-2}
   (You found it on level 7 of the Dungeon)

   Str:       It affects your strength (+7).
   Int:       It affects your intelligence (-2).
   rF:        It protects you from fire.
   rN:        It protects you from negative energy.
 v - a +0 tower shield (worn)
 w - the +12 chain mail "Ramuusue" (worn) {rN+ Int+3 Dex+3}
   (You bought it in a shop on level 9 of the Dungeon)

   Int:       It affects your intelligence (+3).
   Dex:       It affects your dexterity (+3).
   rN:        It protects you from negative energy.
 D - a scarf of resistance (worn)
 G - a +2 cloak
Jewellery
 h - a +5 ring of evasion (right hand)
 j - an amulet of reflection (around neck)
 r - a ring of protection from fire
 z - a ring of ice
 B - the ring of Qihidea (left hand) {Str+6 Dex+8}
   (You bought it in a shop on level 2 of the Orcish Mines)

   [ring of strength]

   Str:       It affects your strength (+6).
   Dex:       It affects your dexterity (+8).
 I - a ring of resist corrosion
Wands
 m - a wand of digging (11)
Scrolls
 k - 32 scrolls of identify
 p - a scroll of brand weapon
 y - 8 scrolls of teleportation
 C - 3 scrolls of enchant armour
Potions
 d - 6 potions of might
 f - a potion of magic
 g - 8 potions of heal wounds
 i - 17 potions of curing
 l - 4 potions of haste
 n - a potion of mutation
 o - 4 potions of attraction
 s - 5 potions of lignification
 F - 3 potions of cancellation

Dungeon Overview and Level Annotations

Branches:
Dungeon (15/15)            Temple (1/1) D:6            Lair (5/5) D:11
  Swamp (4/4) Lair:3        Snake (3/4) Lair:3        Slime (0/5) Lair:4
    Orc (2/2) D:9             Elf (0/3) Orc:2        Vaults (1/5) D:13
 Depths (0/4) D:15          Sewer (visited)

Altars:
Ashenzari
Cheibriados
Dithmenos
Elyvilon
Fedhas
Gozag
Hepliaklqana
Kikubaaqudgha
Makhleb
Nemelex Xobeh
Okawaru
Qazlal
Ru
Sif Muna
Trog
Uskayaw
Vehumet
Wu Jian
Xom
Yredelemnul
Zin
The Shining One
Jiyva

Shops:
D:8 :   D:9 =(?[   Orc:1 **[((   Orc:2 =[((   Snake:1 [

Annotations:
D:4 3 runed translucent doors, qw's ghost, amateur GrCA
D:12 1 runed translucent door, Soedd's ghost, journeyman DgAr
D:14 3 runed translucent doors, Opnastoc's ghost, journeyman MiBe
Lair:2 3 runed translucent doors, Qucvyi Areg's ghost, journeyman DrTm
Vaults:1 Zenata


Message History

Electricity crackles from the ironbound thunderhulk's apparatus.
The bolt of lightning misses you.
You carve the +5 dire flail of protection like a ham!!!
You destroy the +5 dire flail of protection!
The +5 dire flail of protection disappears in a puff of smoke!
You hit Zenata but do no damage. You hit Zenata.
Zenata is lightly wounded.
Zenata hits you with a +3 lajatang!!
You slice the yaktaur!!
You kill the yaktaur!
Okawaru accepts your kill.
You closely miss Zenata. You slice the ironbound frostheart!!
You hit the ironbound frostheart.
The ironbound frostheart is heavily wounded.
You slash Zenata!
The ironbound convoker casts a spell at the ironbound frostheart.
The ironbound frostheart seems to grow stronger.
Zenata points at you and mumbles some strange words.
A blast of power from the earth strikes you!
You block the ironbound frostheart's attack.
You slash the ironbound frostheart!
The ironbound frostheart is severely wounded.
You hit Zenata.
The vault sentinel casts a spell at you.
The mark upon you grows brighter.
You slice the ironbound frostheart!!
You kill the ironbound frostheart!
Okawaru accepts your kill.
You slash Zenata!
The ironbound convoker casts a spell at Zenata.
Zenata seems to grow stronger.
Zenata casts a spell at you.
A blast of power from the earth strikes you!
31370 ||| READING 9 scrolls of teleportation.
As you read the scroll of teleportation, it crumbles to dust.
You feel strangely unstable.
The vault sentinel blows a loud note on a signal horn!
Zenata hits you with a +3 lajatang!!!
You die...

#####################
#.....#.............'
#.....#.###.###.###.#
#.....'.#p#.#~#.#~#.+
#.....'.###.###.###.#
#.....#.............#
#...@)###############
#.pap)# # #..%).# #
+..$..# # #...O.+ #
#.....# # #(....# #
#((((.# #


You could see Zenata (strong), an ironbound preserver, an ironbound thunderhulk,
a vault sentinel (strong, catching breath) and an ironbound convoker.

Vanquished Creatures
  Rupert (Orc:2)
  Gastronok (D:9)
  Frances (Snake:2)
  Roxanne (D:14)
  2 vault wardens (Vaults:1)
  3 orc warlords
  A war gargoyle (Vaults:1)
  An ironbound preserver (Vaults:1)
  A stone giant (D:15)
  An ironbound thunderhulk (Vaults:1)
  A dire elephant (Lair:5)
  5 eleionomae
  Azrael (Snake:2)
  2 bunyips
  Snorg (Lair:3)
  An entropy weaver (Vaults:1)
  2 shambling mangroves
  A salamander tyrant (Snake:3)
  17 hydras
  5 vault guards
  A great orb of eyes (Vaults:1)
  A spriggan air mage (Swamp:4)
  Erolcha (D:13)
  3 ghost crabs
  6 anacondas
  An ironbound frostheart (Vaults:1)
  5 two-headed ogres
  3 catoblepae
  12 alligators
  9 centaur warriors
  4 boulder beetles
  25 death yaks
  12 naga warriors
  A deep troll shaman (Lair:5)
  7 tengu warriors
  Urug (D:13)
  5 naga sharpshooters
  7 shock serpents
  Sonja (D:10)
  9 spriggans
  A salamander mystic (Snake:2)
  A skyshark (Lair:5)
  A skeletal warrior (D:13)
  13 swamp dragons
  8 spriggan druids
  3 goliath frogs
  A deep troll (Vaults:1)
  4 naga ritualists
  4 bog bodies
  3 ironbound convokers (Vaults:1)
  7 orc knights
  Pikel (D:9)
  9 mana vipers
  2 deep elf pyromancers
  6 cyclopes
  3 will-o-the-wisps
  19 ugly things
  5 manticores
  4 orc sorcerers
  10 centaur zombies (D:12)
  8 salamanders
  An oklob plant (D:11)
  4 guardian serpents (Snake:3)
  6 naga magi
  26 black mambas
  6 cane toads
  3 gargoyles
  19 elephants
  A torpor snail (Lair:5)
  A vault sentinel (Vaults:1)
  Maggie (D:7)
  2 rime drakes
  3 kobold demonologists
  3 unseen horrors
  14 komodo dragons
  3 efreet
  7 yaktaurs (Vaults:1)
  A troll (shapeshifter) (D:13)
  5 trolls
  A bloated husk (Swamp:2)
  3 meliai (D:14)
  Grinder (D:4)
  9 tyrant leeches
  9 hornets
  32 blink frogs
  7 polar bears
  3 meliai zombies (D:12)
  8 slime creatures
  6 wraiths
  51 yaks
  2 vampires
  Eustachio (D:4)
  3 fire elementals (Snake:2)
  8 wyverns
  3 steam dragons
  5 basilisks
  16 vampire mosquitoes
  Edmund (D:5)
  3 redbacks (Vaults:1)
  40 nagas
  5 wargs
  14 swamp worms
  2 acid dragons
  14 water moccasins
  2 hell hounds (Snake:2)
  8 swamp drakes
  4 sky beasts
  5 black bears
  45 orc warriors
  2 ice beasts (D:6)
  A black bear (shapeshifter) (D:13)
  16 centaurs
  11 ogres
  15 wolves
  2 lemures (D:9)
  5 kobold brigands
  Blork the orc (D:5)
  A gnoll sergeant (D:8)
  11 bullfrogs
  4 scorpions
  A two-headed ogre simulacrum (D:11)
  15 wights
  5 killer bees
  4 howler monkeys
  5 electric eels
  A lava snake (Orc:2)
  19 orc priests
  3 hounds (D:5)
  6 jellies
  An iron imp (D:6)
  2 sleepcaps (D:7)
  3 iguanas
  26 orc wizards
  10 hell rats
  A spriggan simulacrum (D:11)
  3 naga simulacra (D:11)
  6 adders
  8 gnolls
  2 white imps
  A worm (D:3)
  4 dart slugs
  91 orcs
  5 ball pythons
  7 bats
  9 endoplasms
  4 giant cockroaches
  13 goblins
  14 hobgoblins
  A jackal (Sewer)
  3 frilled lizards
  19 kobolds
  5 rats
  A spectral weapon (Snake:2)
1060 creatures vanquished.

Vanquished Creatures (others)
  A fenstrider witch (Swamp:4)
  A bloated husk (Swamp:2)
  A hornet (Swamp:2)
  A swamp drake (Swamp:2)
  An electric eel (D:14)
  10 foxfires (Swamp:3)
15 creatures vanquished.

Grand Total: 1075 creatures vanquished

Notes
Turn   | Place    | Note
-------+----------+-------------------------------------------
     0 | D:1      | qw the Gargoyle Fighter began the quest for the Orb.
     0 | D:1      | Reached XP level 1. HP: 14/14 MP: 1/1
     0 | D:1      | 0 ||| qw: Version: 0.2-a-98-g5d7165a
     0 | D:1      | 0 ||| qw: Game counter: 5
     0 | D:1      | 0 ||| qw: Always use a shield: true
     0 | D:1      | 0 ||| qw: God list: Okawaru
     0 | D:1      | 0 ||| qw: Allow faded altars: false
     0 | D:1      | 0 ||| qw: Do Orc after D:15 true
     0 | D:1      | 0 ||| qw: Do second Lair branch before Depths: true
     0 | D:1      | 0 ||| qw: Lair rune preference: random
     0 | D:1      | 0 ||| qw: Plans: Normal, Zot:1-4, God:TSO, Crypt, Tomb,
                  | Pan, Slime:5, Hells, Abyss, Win
     0 | D:1      | 0 ||| PLANNING D:1-11
    92 | D:1      | Reached XP level 2. HP: 19/19 MP: 2/2
   285 | D:1      | Reached skill level 3 in Axes
   303 | D:1      | 303 ||| DROPPING +0 whip.
   344 | D:1      | Reached XP level 3. HP: 23/23 MP: 3/3
   573 | D:1      | 573 ||| UPGRADING to +0 plate armour.
   583 | D:1      | 583 ||| DROPPING +0 scale mail.
   584 | D:1      | 584 ||| READING scroll labelled HUEMYO WUHI.
   585 | D:1      | 585 ||| READING scroll labelled OTUKID VEYDWOR.
   586 | D:1      | 586 ||| READING scroll labelled IZA GIN GAT.
   591 | D:1      | 591 ||| READING scroll labelled ZAMOUPPI BASAPS.
   592 | D:1      | 592 ||| READING scroll labelled TYUCAN KUNN.
   794 | D:2      | Found a faded altar of an unknown god.
   939 | D:2      | 939 ||| Stepping ~*~*~tactically~*~*~ (hiding).
  1466 | D:2      | 1466 ||| UPGRADING to +2 pair of boots.
  1471 | D:2      | 1471 ||| UPGRADING to +0 helmet.
  1476 | D:2      | 1476 ||| UPGRADING to amulet of reflection.
  1481 | D:2      | 1481 ||| READING scroll labelled QEZEBB ARIA.
  1482 | D:2      | 1482 ||| READING scroll labelled QEYHES TIJY.
  1482 | D:2      | Identified a scroll of acquirement
  1482 | D:2      | 1482 ||| ACQUIRING +0 cloak "Ijasos" {Fly rElec Int-4
                  | Dex+3}
  1482 | D:2      | Acquired the +0 cloak "Ijasos" {Fly rElec Int-4 Dex+3}
  1484 | D:2      | 1484 ||| UPGRADING to +0 cloak "Ijasos" {Fly rElec Int-4
                  | Dex+3}.
  1640 | D:3      | Reached XP level 4. HP: 28/28 MP: 4/4
  1835 | D:3      | 1835 ||| Stepping ~*~*~tactically~*~*~ (hiding).
  2210 | D:3      | 2210 ||| UPGRADING to ring of protection from fire.
  2211 | D:3      | 2211 ||| READING 2 scrolls of identify.
  2211 | D:3      | 2211 ||| IDENTIFYING bubbling dark potion
  2212 | D:3      | 2212 ||| DROPPING potion of berserk rage.
  2235 | D:4      | Noticed Eustachio
  2265 | D:4      | Killed Eustachio
  2266 | D:4      | Reached XP level 5. HP: 13/32 MP: 5/5
  2266 | D:4      | Reached XP level 6. HP: 16/37 MP: 6/6
  2401 | D:4      | 2401 ||| Stepping ~*~*~tactically~*~*~ (stealth).
  2505 | D:4      | Found a runed translucent gate.
  2505 | D:4      | Found a runed translucent gate.
  2505 | D:4      | Found a runed translucent gate.
  2508 | D:4      | Noticed qw's ghost (amateur GrCA)
  2586 | D:4      | 2586 ||| DROPPING +0 flail.
  2677 | D:4      | Reached skill level 6 in Axes
  2679 | D:4      | 2679 ||| Stepping ~*~*~tactically~*~*~ (stealth).
  2699 | D:4      | Reached skill level 1 in Dodging
  2699 | D:4      | Reached XP level 7. HP: 38/43 MP: 7/7
  2712 | D:4      | 2712 ||| Stepping ~*~*~tactically~*~*~ (stealth).
  2791 | D:4      | Found a broken altar of Ashenzari.
  2843 | D:4      | Noticed Grinder
  2850 | D:4      | Paralysed by Grinder for 5 turns
  2858 | D:4      | Paralysed by Grinder for 4 turns
  2873 | D:4      | Killed Grinder
  2874 | D:4      | Reached XP level 8. HP: 25/48 MP: 8/8
  3217 | D:4      | 3217 ||| DROPPING ring of wizardry.
  3218 | D:4      | 3218 ||| READING scroll labelled ZEJYSE BIPHA.
  3219 | D:4      | 3219 ||| READING scroll labelled OXZIAF VOXZOSM.
  3220 | D:4      | 3220 ||| DRINKING 2 sapphire potions.
  3221 | D:4      | 3221 ||| DRINKING 3 purple potions.
  3222 | D:4      | 3222 ||| DRINKING potion of curing.
  3222 | D:4      | 3222 ||| (to cure confusion)
  3223 | D:4      | 3223 ||| DRINKING 2 fuming brown potions.
  3224 | D:4      | 3224 ||| DROPPING 2 potions of ambrosia.
  3237 | D:5      | Entered Level 5 of the Dungeon
  3249 | D:5      | 3249 ||| STAIRDANCE
  3295 | D:5      | 3295 ||| STAIRDANCE
  3620 | D:5      | Found a shimmering altar of Xom.
  3627 | D:5      | 3627 ||| Stepping ~*~*~tactically~*~*~ (stealth).
  3649 | D:5      | Noticed Blork the orc
  3663 | D:5      | Killed Blork the orc
  3761 | D:5      | Found a basalt altar of Yredelemnul.
  3763 | D:5      | Found an ornate altar of the Wu Jian Council.
  3765 | D:5      | Found a blossoming altar of Fedhas.
  3799 | D:5      | Found a hide-covered altar of Uskayaw.
  3906 | D:5      | Noticed Edmund
  3928 | D:5      | HP: 9/49 [Edmund/+4 flail of draining (12)]
  3929 | D:5      | 3929 ||| READING scroll of teleportation.
  3935 | D:5      | Killed Edmund
  4110 | D:5      | Reached skill level 6 in Fighting
  4291 | D:5      | 4291 ||| UPGRADING to +0 pair of gloves.
  4296 | D:5      | 4296 ||| READING scroll labelled UKKESHR GOSI.
  4297 | D:5      | 4297 ||| DRINKING 2 fizzy silvery potions.
  4390 | D:6      | 4390 ||| PLANNING SEWER
  4398 | D:6      | Found a staircase to the Ecumenical Temple.
  4420 | D:6      | 4420 ||| Stepping ~*~*~tactically~*~*~ (stealth).
  4421 | D:6      | 4421 ||| Stepping ~*~*~tactically~*~*~ (stealth).
  4422 | D:6      | 4422 ||| Stepping ~*~*~tactically~*~*~ (stealth).
  4444 | D:6      | Reached skill level 6 in Armour
  4444 | D:6      | Reached XP level 9. HP: 54/55 MP: 9/9
  4535 | D:6      | 4535 ||| Stepping ~*~*~tactically~*~*~ (stealth).
  4537 | D:6      | 4537 ||| Stepping ~*~*~tactically~*~*~ (hiding).
  4546 | D:6      | 4546 ||| Stepping ~*~*~tactically~*~*~ (stealth).
  4645 | D:6      | 4645 ||| Stepping ~*~*~tactically~*~*~ (stealth).
  4650 | D:6      | 4650 ||| Stepping ~*~*~tactically~*~*~ (hiding).
  4651 | D:6      | 4651 ||| Stepping ~*~*~tactically~*~*~ (hiding).
  4652 | D:6      | 4652 ||| Stepping ~*~*~tactically~*~*~ (hiding).
  4653 | D:6      | 4653 ||| Stepping ~*~*~tactically~*~*~ (hiding).
  4654 | D:6      | 4654 ||| Stepping ~*~*~tactically~*~*~ (hiding).
  4656 | D:6      | 4656 ||| Stepping ~*~*~tactically~*~*~ (hiding).
  4657 | D:6      | 4657 ||| Stepping ~*~*~tactically~*~*~ (hiding).
  4704 | D:6      | 4704 ||| Stepping ~*~*~tactically~*~*~ (stealth).
  4740 | D:6      | 4740 ||| Stepping ~*~*~tactically~*~*~ (stealth).
  4741 | D:6      | 4741 ||| Stepping ~*~*~tactically~*~*~ (stealth).
  4851 | D:6      | Reached skill level 9 in Axes
  4896 | D:6      | Found a glowing drain.
  4897 | D:6      | 4897 ||| DROPPING ring of magical power.
  4898 | D:6      | 4898 ||| READING scroll labelled XEELOO UNNED.
  4907 | Sewer    | Entered a sewer
  5004 | Sewer    | 5004 ||| DRINKING 3 dark potions.
  5005 | Sewer    | 5005 ||| DRINKING 3 yellow potions.
  5006 | Sewer    | 5006 ||| DROPPING 2 potions of degeneration.
  5024 | D:6      | 5024 ||| PLANNING TEMPLE
  5057 | Temple   | Entered the Ecumenical Temple
  5064 | Temple   | 5064 ||| PLANNING OKAWARU WORSHIP
  5071 | Temple   | Became a worshipper of Warmaster Okawaru
  5071 | Temple   | 5071 ||| PLANNING D:1-11
  5325 | D:6      | Found a snail-covered altar of Cheibriados.
  5489 | D:7      | 5489 ||| STAIRDANCE
  5631 | D:7      | Noticed Maggie
  5632 | D:7      | 5632 ||| Stepping ~*~*~tactically~*~*~ (hiding).
  5634 | D:7      | 5634 ||| Stepping ~*~*~tactically~*~*~ (hiding).
  5635 | D:7      | 5635 ||| Stepping ~*~*~tactically~*~*~ (hiding).
  5637 | D:7      | 5637 ||| Stepping ~*~*~tactically~*~*~ (hiding).
  5658 | D:7      | Killed Maggie
  5658 | D:7      | Reached * piety under Okawaru
  5755 | D:7      | 5755 ||| Stepping ~*~*~tactically~*~*~ (hiding).
  5756 | D:7      | 5756 ||| Stepping ~*~*~tactically~*~*~ (hiding).
  5773 | D:7      | Reached skill level 1 in Invocations
  5848 | D:7      | 5848 ||| INVOKING Heroism.
  5881 | D:7      | 5881 ||| INVOKING Heroism.
  5883 | D:7      | 5883 ||| Stepping ~*~*~tactically~*~*~ (hiding).
  5892 | D:7      | Reached XP level 10. HP: 53/64 MP: 9/11
  5986 | D:7      | 5986 ||| INVOKING Heroism.
  5999 | D:7      | Reached skill level 3 in Invocations
  6022 | D:7      | Identified the +1 helmet of Vexation {rF+ rN+ Str+7 Int-2}
  6331 | D:7      | 6331 ||| UPGRADING to +1 helmet of Vexation {rF+ rN+ Str+7
                  | Int-2}.
  6341 | D:7      | 6341 ||| DROPPING +0 helmet.
  6381 | D:8      | 6381 ||| INVOKING Heroism.
  6402 | D:8      | 6402 ||| Stepping ~*~*~tactically~*~*~ (hiding).
  6406 | D:8      | 6406 ||| INVOKING Heroism.
  6629 | D:8      | Found Gautycoy's Book Boutique.
  6774 | D:8      | Found an opulent altar of Gozag.
  6891 | D:8      | Reached ** piety under Okawaru
  6954 | D:8      | 6954 ||| UPGRADING to +6 ring of strength.
  6955 | D:8      | 6955 ||| DRINKING 2 lumpy pink potions.
  6956 | D:8      | 6956 ||| DROPPING potion of brilliance.
  7012 | D:9      | Noticed Gastronok
  7013 | D:9      | 7013 ||| INVOKING Heroism.
  7027 | D:9      | Killed Gastronok
  7028 | D:9      | Reached skill level 9 in Armour
  7085 | D:9      | Noticed a two-headed ogre
  7086 | D:9      | 7086 ||| INVOKING Heroism.
  7096 | D:9      | Killed a two-headed ogre
  7125 | D:9      | 7125 ||| Stepping ~*~*~tactically~*~*~ (stealth).
  7144 | D:9      | 7144 ||| Stepping ~*~*~tactically~*~*~ (stealth).
  7151 | D:9      | Reached XP level 11. HP: 68/68 MP: 14/14
  7166 | D:9      | Reached *** piety under Okawaru
  7171 | D:9      | Found a staircase to the Orcish Mines.
  7193 | D:9      | 7193 ||| Stepping ~*~*~tactically~*~*~ (stealth).
  7207 | D:9      | 7207 ||| Stepping ~*~*~tactically~*~*~ (stealth).
  7264 | D:9      | 7264 ||| Stepping ~*~*~tactically~*~*~ (stealth).
  7269 | D:9      | 7269 ||| Stepping ~*~*~tactically~*~*~ (hiding).
  7354 | D:9      | 7354 ||| Stepping ~*~*~tactically~*~*~ (stealth).
  7361 | D:9      | 7361 ||| Stepping ~*~*~tactically~*~*~ (stealth).
  7364 | D:9      | Noticed Pikel
  7375 | D:9      | Killed Pikel
  7396 | D:9      | 7396 ||| Stepping ~*~*~tactically~*~*~ (stealth).
  7398 | D:9      | 7398 ||| INVOKING Heroism.
  7407 | D:9      | 7407 ||| Stepping ~*~*~tactically~*~*~ (hiding).
  7701 | D:9      | Found a hazy altar of Hepliaklqana.
  7940 | D:9      | 7940 ||| Stepping ~*~*~tactically~*~*~ (stealth).
  7942 | D:9      | 7942 ||| Stepping ~*~*~tactically~*~*~ (hiding).
  7949 | D:9      | Reached skill level 9 in Fighting
  8048 | D:9      | Found Fixtieg's Magic Scroll Shop.
  8048 | D:9      | Found Udiasoon's Jewellery Shop.
  8053 | D:9      | Found Mumioh's Antique Armour Shop.
  8054 | D:9      | Found Ysuf's Weapon Shop.
  8057 | D:9      | 8057 ||| BUYING 3 scrolls of identify (60 gold).
  8057 | D:9      | Bought 3 scrolls of identify for 60 gold pieces
  8057 | D:9      | 8057 ||| BUYING scroll of enchant armour (75 gold).
  8057 | D:9      | Bought a scroll of enchant armour for 75 gold pieces
  8057 | D:9      | 8057 ||| BUYING scroll of identify (20 gold).
  8057 | D:9      | Bought a scroll of identify for 20 gold pieces
  8057 | D:9      | 8057 ||| BUYING scroll of identify (20 gold).
  8057 | D:9      | Bought a scroll of identify for 20 gold pieces
  8057 | D:9      | 8057 ||| BUYING scroll of identify (20 gold).
  8057 | D:9      | Bought a scroll of identify for 20 gold pieces
  8057 | D:9      | 8057 ||| BUYING scroll of identify (20 gold).
  8057 | D:9      | Bought a scroll of identify for 20 gold pieces
  8057 | D:9      | 8057 ||| BUYING scroll of teleportation (30 gold).
  8057 | D:9      | Bought a scroll of teleportation for 30 gold pieces
  8057 | D:9      | 8057 ||| BUYING scroll of teleportation (30 gold).
  8057 | D:9      | Bought a scroll of teleportation for 30 gold pieces
  8057 | D:9      | 8057 ||| READING 2 scrolls of enchant armour.
  8057 | D:9      | 8057 ||| ENCHANTING +0 pair of gloves.
  8058 | D:9      | 8058 ||| READING scroll of enchant armour.
  8058 | D:9      | 8058 ||| ENCHANTING +1 pair of gloves.
  8063 | D:9      | 8063 ||| SHOPLISTING buzzing fire dragon scales (1950 gold,
                  | have 497).
  8063 | D:9      | 8063 ||| BUYING faintly humming chain mail (285 gold).
  8063 | D:9      | Bought a faintly humming chain mail for 285 gold pieces
  8063 | D:9      | Identified the +12 chain mail "Ramuusue" {rN+ Int+3 Dex+3}
                  | (You bought it in a shop on level 9 of the Dungeon)
  8236 | D:9      | 8236 ||| DROPPING +1 chain mail of cold resistance.
  8237 | D:9      | 8237 ||| UPGRADING to +12 chain mail "Ramuusue" {rN+ Int+3
                  | Dex+3}.
  8247 | D:9      | 8247 ||| DROPPING +0 plate armour.
  8248 | D:9      | 8248 ||| UPGRADING to +5 ring of evasion.
  8250 | D:9      | 8250 ||| READING 10 scrolls of identify.
  8250 | D:9      | 8250 ||| IDENTIFYING green potion
  8251 | D:9      | 8251 ||| READING 9 scrolls of identify.
  8251 | D:9      | 8251 ||| IDENTIFYING black potion
  8252 | D:9      | 8252 ||| READING 8 scrolls of identify.
  8252 | D:9      | 8252 ||| IDENTIFYING sedimented ruby potion
  8253 | D:9      | 8253 ||| DROPPING potion of flight.
  8293 | D:10     | Entered Level 10 of the Dungeon
  8323 | D:10     | 8323 ||| INVOKING Heroism.
  8325 | D:10     | 8325 ||| Stepping ~*~*~tactically~*~*~ (hiding).
  8414 | D:10     | Noticed Sonja
  8468 | D:10     | Killed Sonja
  8469 | D:10     | Reached skill level 3 in Dodging
  8510 | D:10     | Noticed a two-headed ogre
  8511 | D:10     | 8511 ||| INVOKING Heroism.
  8525 | D:10     | Killed a two-headed ogre
  8577 | D:10     | Reached **** piety under Okawaru
  8786 | D:10     | Found a sacrificial altar of Ru.
  8841 | D:10     | 8841 ||| Stepping ~*~*~tactically~*~*~ (stealth).
  8850 | D:10     | Reached skill level 12 in Axes
  8870 | D:10     | 8870 ||| DRINKING 4 potions of curing.
  8870 | D:10     | 8870 ||| (to cure confusion)
  9036 | D:10     | Reached ***** piety under Okawaru
  9037 | D:10     | Reached skill level 6 in Invocations
  9048 | D:10     | Found a glowing golden altar of the Shining One.
  9048 | D:10     | Found a white marble altar of Elyvilon.
  9048 | D:10     | Found a glowing silver altar of Zin.
  9217 | D:10     | 9217 ||| Stepping ~*~*~tactically~*~*~ (hiding).
  9219 | D:10     | 9219 ||| Stepping ~*~*~tactically~*~*~ (hiding).
  9343 | D:10     | 9343 ||| READING scroll labelled WINWAI WIOLIU.
  9344 | D:10     | 9344 ||| READING 9 scrolls of identify.
  9344 | D:10     | 9344 ||| IDENTIFYING lumpy coppery potion
  9376 | D:11     | Noticed a two-headed ogre
  9377 | D:11     | 9377 ||| INVOKING Heroism.
  9384 | D:11     | Killed a two-headed ogre
  9385 | D:11     | Reached skill level 6 in Shields
  9385 | D:11     | Reached XP level 12. HP: 76/76 MP: 13/16
  9405 | D:11     | Found a staircase to the Lair.
  9407 | D:11     | 9407 ||| INVOKING Finesse.
  9409 | D:11     | 9409 ||| INVOKING Heroism.
  9503 | D:11     | Noticed a centaur warrior
  9504 | D:11     | 9504 ||| Stepping ~*~*~tactically~*~*~ (hiding).
  9514 | D:11     | Killed a centaur warrior
  9539 | D:11     | 9539 ||| Stepping ~*~*~tactically~*~*~ (hiding).
  9540 | D:11     | 9540 ||| Stepping ~*~*~tactically~*~*~ (hiding).
  9548 | D:11     | 9548 ||| Stepping ~*~*~tactically~*~*~ (hiding).
  9561 | D:11     | 9561 ||| Stepping ~*~*~tactically~*~*~ (stealth).
  9574 | D:11     | 9574 ||| Stepping ~*~*~tactically~*~*~ (stealth).
  9575 | D:11     | 9575 ||| Stepping ~*~*~tactically~*~*~ (stealth).
  9577 | D:11     | 9577 ||| Stepping ~*~*~tactically~*~*~ (hiding).
  9588 | D:11     | Noticed a centaur warrior
  9598 | D:11     | Killed a centaur warrior
  9679 | D:11     | Found a frozen archway.
  9809 | D:11     | 9809 ||| Stepping ~*~*~tactically~*~*~ (hiding).
  9810 | D:11     | 9810 ||| Stepping ~*~*~tactically~*~*~ (hiding).
  9811 | D:11     | 9811 ||| Stepping ~*~*~tactically~*~*~ (hiding).
  9952 | D:11     | 9952 ||| READING scroll of enchant weapon.
  9952 | D:11     | 9952 ||| ENCHANTING +1 war axe of venom.
 10127 | D:11     | 10127 ||| READING scroll of enchant weapon.
 10127 | D:11     | 10127 ||| ENCHANTING +2 war axe of venom.
 10236 | D:11     | 10236 ||| PLANNING LAIR
 10236 | D:11     | 10236 ||| UPGRADING to +0 kite shield.
 10246 | D:11     | 10246 ||| DROPPING +0 buckler.
 10275 | Lair:1   | Entered Level 1 of the Lair of Beasts
 10276 | Lair:1   | 10276 ||| INVOKING Heroism.
 10313 | Lair:1   | Identified the +0 helmet "Xocsiopt" {rN+ Regen+} (Okawaru
                  | gifted it to you on level 1 of the Lair of Beasts)
 10313 | Lair:1   | Received a gift from Okawaru
 10314 | Lair:1   | Reached skill level 9 in Invocations
 10327 | Lair:1   | 10327 ||| Stepping ~*~*~tactically~*~*~ (stealth).
 10344 | Lair:1   | 10344 ||| INVOKING Heroism.
 10461 | Lair:1   | Noticed a boulder beetle
 10462 | Lair:1   | 10462 ||| INVOKING Heroism.
 10464 | Lair:1   | 10464 ||| INVOKING Finesse.
 10473 | Lair:1   | Killed a boulder beetle
 10643 | Lair:1   | 10643 ||| Stepping ~*~*~tactically~*~*~ (stealth).
 10672 | Lair:1   | Reached skill level 1 in Throwing
 10712 | Lair:1   | 10712 ||| INVOKING Heroism.
 10809 | Lair:1   | 10809 ||| INVOKING Heroism.
 10865 | Lair:1   | Reached XP level 13. HP: 82/82 MP: 20/20
 10901 | Lair:1   | 10901 ||| SWAPPING to +0 broad axe of electrocution.
 10902 | Lair:1   | 10902 ||| DROPPING +3 war axe of venom.
 10932 | Lair:1   | Reached skill level 9 in Shields
 10994 | Lair:1   | 10994 ||| Stepping ~*~*~tactically~*~*~ (stealth).
 10995 | Lair:1   | 10995 ||| INVOKING Heroism.
 11157 | Lair:1   | 11157 ||| DROPPING +0 helmet "Xocsiopt" {rN+ Regen+}.
 11192 | Lair:2   | 11192 ||| INVOKING Heroism.
 11194 | Lair:2   | 11194 ||| Stepping ~*~*~tactically~*~*~ (stealth).
 11241 | Lair:2   | 11241 ||| INVOKING Heroism.
 11374 | Lair:2   | 11374 ||| INVOKING Heroism.
 11403 | Lair:2   | 11403 ||| Stepping ~*~*~tactically~*~*~ (hiding).
 11404 | Lair:2   | 11404 ||| Stepping ~*~*~tactically~*~*~ (hiding).
 11550 | Lair:2   | 11550 ||| READING scroll of brand weapon.
 11550 | Lair:2   | 11550 ||| BRANDING +0 broad axe of electrocution.
 11654 | Lair:2   | Found a runed translucent gate.
 11655 | Lair:2   | Noticed Qucvyi Areg's ghost (journeyman DrTm)
 11656 | Lair:2   | Found a runed translucent gate.
 11657 | Lair:2   | Found a runed translucent gate.
 11985 | Lair:2   | 11985 ||| DROPPING +1 pair of gloves.
 11986 | Lair:2   | 11986 ||| DROPPING ring of willpower.
 12032 | Lair:3   | 12032 ||| INVOKING Heroism.
 12033 | Lair:3   | 12033 ||| INVOKING Finesse.
 12035 | Lair:3   | 12035 ||| SWAPPING to +0 morningstar.
 12042 | Lair:3   | 12042 ||| SWAPPING to +0 vampiric broad axe.
 12109 | Lair:3   | 12109 ||| INVOKING Heroism.
 12218 | Lair:3   | Noticed Snorg
 12219 | Lair:3   | 12219 ||| INVOKING Heroism.
 12237 | Lair:3   | Killed Snorg
 12254 | Lair:3   | Found a staircase to the Snake Pit.
 12262 | Lair:3   | 12262 ||| Stepping ~*~*~tactically~*~*~ (stealth).
 12263 | Lair:3   | 12263 ||| Stepping ~*~*~tactically~*~*~ (stealth).
 12266 | Lair:3   | 12266 ||| INVOKING Heroism.
 12300 | Lair:3   | 12300 ||| INVOKING Finesse.
 12361 | Lair:3   | 12361 ||| Stepping ~*~*~tactically~*~*~ (stealth).
 12363 | Lair:3   | 12363 ||| INVOKING Heroism.
 12431 | Lair:3   | 12431 ||| INVOKING Heroism.
 12472 | Lair:3   | Received a gift from Okawaru
 12549 | Lair:3   | 12549 ||| INVOKING Heroism.
 12566 | Lair:3   | Received a gift from Okawaru
 12574 | Lair:3   | Received a gift from Okawaru
 12591 | Lair:3   | Found a staircase to the Swamp.
 12619 | Lair:3   | 12619 ||| Stepping ~*~*~tactically~*~*~ (hiding).
 12777 | Lair:3   | 12777 ||| INVOKING Heroism.
 12778 | Lair:3   | 12778 ||| INVOKING Finesse.
 12783 | Lair:3   | 12783 ||| SWAPPING to +0 morningstar.
 12787 | Lair:3   | 12787 ||| SWAPPING to +0 vampiric broad axe.
 12979 | Lair:4   | 12979 ||| INVOKING Heroism.
 12992 | Lair:4   | 12992 ||| SWAPPING to +0 morningstar.
 13005 | Lair:4   | 13005 ||| SWAPPING to +0 vampiric broad axe.
 13019 | Lair:4   | 13019 ||| Stepping ~*~*~tactically~*~*~ (stealth).
 13020 | Lair:4   | 13020 ||| INVOKING Heroism.
 13023 | Lair:4   | 13023 ||| SWAPPING to +0 morningstar.
 13029 | Lair:4   | 13029 ||| SWAPPING to +0 vampiric broad axe.
 13053 | Lair:4   | 13053 ||| Stepping ~*~*~tactically~*~*~ (stealth).
 13055 | Lair:4   | 13055 ||| Stepping ~*~*~tactically~*~*~ (stealth).
 13057 | Lair:4   | 13057 ||| Stepping ~*~*~tactically~*~*~ (stealth).
 13070 | Lair:4   | 13070 ||| INVOKING Heroism.
 13075 | Lair:4   | Gained mutation: Your large and strong wings let you fly.
                  | [Gargoyle growth]
 13075 | Lair:4   | Reached XP level 14. HP: 88/88 MP: 18/21
 13109 | Lair:4   | Found a viscous altar of Jiyva.
 13110 | Lair:4   | Found a staircase to the Slime Pits.
 13164 | Lair:4   | 13164 ||| INVOKING Heroism.
 13173 | Lair:4   | Reached skill level 3 in Throwing
 13325 | Lair:4   | 13325 ||| Stepping ~*~*~tactically~*~*~ (stealth).
 13368 | Lair:4   | 13368 ||| Stepping ~*~*~tactically~*~*~ (hiding).
 13439 | Lair:4   | Identified the +7 chain mail of the Gusle {Harm Int+5 Dex-3
                  | SInv} (Okawaru gifted it to you on level 4 of the Lair of
                  | Beasts)
 13439 | Lair:4   | Received a gift from Okawaru
 13819 | Lair:4   | 13819 ||| READING scroll labelled ZEAMPY POFUYF.
 13850 | Lair:5   | Entered Level 5 of the Lair of Beasts
 13900 | Lair:5   | Reached skill level 12 in Shields
 13906 | Lair:5   | 13906 ||| Stepping ~*~*~tactically~*~*~ (stealth).
 13907 | Lair:5   | 13907 ||| Stepping ~*~*~tactically~*~*~ (stealth).
 13909 | Lair:5   | 13909 ||| Stepping ~*~*~tactically~*~*~ (stealth).
 13912 | Lair:5   | 13912 ||| Stepping ~*~*~tactically~*~*~ (stealth).
 13947 | Lair:5   | 13947 ||| INVOKING Heroism.
 14080 | Lair:5   | 14080 ||| Stepping ~*~*~tactically~*~*~ (stealth).
 14091 | Lair:5   | 14091 ||| INVOKING Heroism.
 14092 | Lair:5   | 14092 ||| INVOKING Finesse.
 14103 | Lair:5   | 14103 ||| SWAPPING to +0 morningstar.
 14123 | Lair:5   | 14123 ||| SWAPPING to +0 vampiric broad axe.
 14216 | Lair:5   | Reached skill level 15 in Axes
 14222 | Lair:5   | 14222 ||| INVOKING Heroism.
 14223 | Lair:5   | 14223 ||| INVOKING Finesse.
 14285 | Lair:5   | Reached XP level 15. HP: 91/96 MP: 18/22
 14289 | Lair:5   | Reached skill level 12 in Fighting
 14446 | Lair:5   | Identified the +0 hand axe of Objectivity {flame, Int+6}
 14448 | Lair:5   | 14448 ||| DROPPING +0 morningstar.
 14774 | Lair:5   | 14774 ||| Stepping ~*~*~tactically~*~*~ (stealth).
 14826 | Lair:5   | 14826 ||| Stepping ~*~*~tactically~*~*~ (stealth).
 14839 | Lair:5   | Received a gift from Okawaru
 14852 | Lair:5   | 14852 ||| INVOKING Heroism.
 14873 | Lair:5   | 14873 ||| Stepping ~*~*~tactically~*~*~ (stealth).
 14884 | Lair:5   | 14884 ||| INVOKING Finesse.
 15109 | Lair:5   | 15109 ||| PLANNING D
 15109 | Lair:5   | 15109 ||| UPGRADING to scarf of resistance.
 15255 | D:12     | 15255 ||| READING scroll of enchant weapon.
 15255 | D:12     | 15255 ||| ENCHANTING +0 vampiric broad axe.
 15300 | D:12     | 15300 ||| Stepping randomly (disturbance).
 15315 | D:12     | 15315 ||| Stepping ~*~*~tactically~*~*~ (stealth).
 15380 | D:12     | 15380 ||| Stepping ~*~*~tactically~*~*~ (stealth).
 15500 | D:12     | 15500 ||| Stepping ~*~*~tactically~*~*~ (stealth).
 15550 | D:12     | Found a basalt altar of Yredelemnul.
 15559 | D:12     | Received a gift from Okawaru
 15647 | D:12     | 15647 ||| INVOKING Heroism.
 15699 | D:12     | Found a runed translucent door.
 15700 | D:12     | Identified the +12 spear "Trog's Fury" {spect, rPois Int+7
                  | Dex+2 Stlth-}
 15700 | D:12     | Noticed Soedd's ghost (journeyman DgAr)
 15780 | D:12     | 15780 ||| Stepping ~*~*~tactically~*~*~ (hiding).
 15783 | D:12     | 15783 ||| Stepping ~*~*~tactically~*~*~ (hiding).
 16112 | D:12     | 16112 ||| Stepping ~*~*~tactically~*~*~ (hiding).
 16116 | D:12     | 16116 ||| Stepping ~*~*~tactically~*~*~ (hiding).
 16445 | D:13     | Found a gate to the Vaults.
 16446 | D:13     | 16446 ||| INVOKING Heroism.
 16470 | D:13     | Received a gift from Okawaru
 16744 | D:13     | 16744 ||| Stepping ~*~*~tactically~*~*~ (stealth).
 16747 | D:13     | 16747 ||| Stepping ~*~*~tactically~*~*~ (stealth).
 16767 | D:13     | Received a gift from Okawaru
 16767 | D:13     | Found the +8 mithril axe "Arga" {speed, Will+}
 16769 | D:13     | 16769 ||| SWAPPING to +8 mithril axe "Arga" {speed, Will+}.
 16770 | D:13     | 16770 ||| DROPPING +1 vampiric broad axe.
 16806 | D:13     | 16806 ||| Stepping ~*~*~tactically~*~*~ (hiding).
 16946 | D:13     | Noticed Urug
 16947 | D:13     | 16947 ||| INVOKING Heroism.
 16948 | D:13     | 16948 ||| INVOKING Finesse.
 16953 | D:13     | Killed Urug
 17278 | D:13     | Noticed Erolcha
 17281 | D:13     | 17281 ||| INVOKING Heroism.
 17295 | D:13     | Killed Erolcha
 17609 | D:13     | 17609 ||| DRINKING 3 lumpy inky potions.
 17660 | D:14     | Reached XP level 16. HP: 101/101 MP: 23/23
 17671 | D:14     | Noticed Opnastoc's ghost (journeyman MiBe)
 17778 | D:14     | Found a runed translucent gate.
 17778 | D:14     | Found a runed translucent gate.
 17778 | D:14     | Found a runed translucent gate.
 17790 | D:14     | 17790 ||| Stepping ~*~*~tactically~*~*~ (hiding).
 17797 | D:14     | Reached skill level 6 in Throwing
 17836 | D:14     | Noticed Roxanne
 17837 | D:14     | 17837 ||| INVOKING Heroism.
 17838 | D:14     | 17838 ||| INVOKING Finesse.
 17860 | D:14     | Killed Roxanne
 18053 | D:14     | 18053 ||| Stepping ~*~*~tactically~*~*~ (hiding).
 18055 | D:14     | 18055 ||| INVOKING Heroism.
 18172 | D:14     | 18172 ||| Stepping ~*~*~tactically~*~*~ (hiding).
 18392 | D:14     | 18392 ||| Stepping ~*~*~tactically~*~*~ (hiding).
 18402 | D:14     | 18402 ||| Stepping ~*~*~tactically~*~*~ (hiding).
 18820 | D:14     | Received a gift from Okawaru
 18990 | D:14     | 18990 ||| UPGRADING to +2 kite shield of positive energy.
 19000 | D:14     | 19000 ||| DROPPING +0 kite shield.
 19020 | D:15     | Entered Level 15 of the Dungeon
 19072 | D:15     | 19072 ||| Stepping ~*~*~tactically~*~*~ (hiding).
 19075 | D:15     | 19075 ||| INVOKING Heroism.
 19101 | D:15     | 19101 ||| Stepping ~*~*~tactically~*~*~ (hiding).
 19103 | D:15     | 19103 ||| Stepping ~*~*~tactically~*~*~ (hiding).
 19112 | D:15     | 19112 ||| Stepping ~*~*~tactically~*~*~ (stealth).
 19113 | D:15     | 19113 ||| Stepping ~*~*~tactically~*~*~ (stealth).
 19239 | D:15     | 19239 ||| Stepping ~*~*~tactically~*~*~ (stealth).
 19245 | D:15     | Identified the +2 battleaxe of Corywn {protect, Str+5
                  | Dex+3} (Okawaru gifted it to you on level 15 of the
                  | Dungeon)
 19245 | D:15     | Received a gift from Okawaru
 19613 | D:15     | 19613 ||| Stepping ~*~*~tactically~*~*~ (hiding).
 19846 | D:15     | 19846 ||| Stepping ~*~*~tactically~*~*~ (hiding).
 19859 | D:15     | 19859 ||| INVOKING Heroism.
 19860 | D:15     | Found a staircase to the Depths.
 19927 | D:15     | 19927 ||| PLANNING ORC
 19927 | D:15     | 19927 ||| READING scroll labelled KUYGHO HYCAU.
 20186 | Orc:1    | Entered Level 1 of the Orcish Mines
 20190 | Orc:1    | Found Kiphop's Antique Weapon Boutique.
 20220 | Orc:1    | Found Veizeff's Weapon Shoppe.
 20222 | Orc:1    | 20222 ||| Stepping ~*~*~tactically~*~*~ (stealth).
 20224 | Orc:1    | 20224 ||| Stepping ~*~*~tactically~*~*~ (stealth).
 20226 | Orc:1    | 20226 ||| Stepping ~*~*~tactically~*~*~ (stealth).
 20237 | Orc:1    | 20237 ||| Stepping ~*~*~tactically~*~*~ (stealth).
 20240 | Orc:1    | 20240 ||| Stepping ~*~*~tactically~*~*~ (stealth).
 20336 | Orc:1    | 20336 ||| INVOKING Heroism.
 20346 | Orc:1    | 20346 ||| Stepping ~*~*~tactically~*~*~ (stealth).
 20347 | Orc:1    | 20347 ||| Stepping ~*~*~tactically~*~*~ (stealth).
 20348 | Orc:1    | 20348 ||| Stepping ~*~*~tactically~*~*~ (stealth).
 20349 | Orc:1    | 20349 ||| Stepping ~*~*~tactically~*~*~ (stealth).
 20356 | Orc:1    | Found Ungiokh's Antique Armour Shop.
 20358 | Orc:1    | 20358 ||| Stepping ~*~*~tactically~*~*~ (hiding).
 20360 | Orc:1    | 20360 ||| Stepping ~*~*~tactically~*~*~ (hiding).
 20515 | Orc:1    | Found Koes's Assorted Antiques.
 20520 | Orc:1    | 20520 ||| Stepping ~*~*~tactically~*~*~ (stealth).
 20524 | Orc:1    | 20524 ||| INVOKING Heroism.
 20525 | Orc:1    | 20525 ||| INVOKING Finesse.
 20528 | Orc:1    | 20528 ||| Stepping ~*~*~tactically~*~*~ (hiding).
 20550 | Orc:1    | 20550 ||| Stepping ~*~*~tactically~*~*~ (hiding).
 20626 | Orc:1    | Found Ogga Purch's General Store.
 20713 | Orc:2    | Entered Level 2 of the Orcish Mines
 20730 | Orc:2    | Noticed Rupert
 20731 | Orc:2    | 20731 ||| INVOKING Heroism.
 20732 | Orc:2    | 20732 ||| INVOKING Finesse.
 20736 | Orc:2    | Killed Rupert
 20787 | Orc:2    | Found a staircase to the Elven Halls.
 20822 | Orc:1    | 20822 ||| INVOKING Heroism.
 20823 | Orc:1    | 20823 ||| INVOKING Finesse.
 20863 | Orc:1    | Reached skill level 18 in Axes
 21212 | Orc:2    | 21212 ||| INVOKING Heroism.
 21243 | Orc:2    | Found Ziecyuk's Antique Weapon Emporium.
 21243 | Orc:2    | Found Mukhaq's Antique Armour Boutique.
 21253 | Orc:2    | Found Xotusice's Jewellery Shop.
 21266 | Orc:2    | Found Xamofu's Weapon Shoppe.
 21287 | Orc:2    | 21287 ||| BUYING ring of Qihidea {Str+6 Dex+8} (777 gold).
 21287 | Orc:2    | Bought the ring of Qihidea {Str+6 Dex+8} for 777 gold
                  | pieces
 21287 | Orc:2    | 21287 ||| BUYING ring of resist corrosion (260 gold).
 21287 | Orc:2    | Bought a ring of resist corrosion for 260 gold pieces
 21288 | Orc:2    | 21288 ||| Stepping ~*~*~tactically~*~*~ (hiding).
 21507 | Orc:2    | 21507 ||| Stepping ~*~*~tactically~*~*~ (hiding).
 21509 | Orc:2    | 21509 ||| Stepping ~*~*~tactically~*~*~ (hiding).
 21515 | Orc:2    | 21515 ||| Stepping ~*~*~tactically~*~*~ (hiding).
 21520 | Orc:2    | 21520 ||| INVOKING Heroism.
 21521 | Orc:2    | 21521 ||| INVOKING Finesse.
 21548 | Orc:2    | Received a gift from Okawaru
 21950 | Orc:2    | 21950 ||| PLANNING SWAMP:1-3
 21950 | Orc:2    | 21950 ||| DROPPING ring of ice.
 21951 | Orc:2    | 21951 ||| UPGRADING to ring of Qihidea {Str+6 Dex+8}.
 21953 | Orc:2    | 21953 ||| UPGRADING to +5 ring of evasion.
 21955 | Orc:2    | 21955 ||| DROPPING +6 ring of strength.
 22134 | Swamp:1  | Entered Level 1 of the Swamp
 22136 | Swamp:1  | 22136 ||| INVOKING Heroism.
 22140 | Swamp:1  | 22140 ||| INVOKING Finesse.
 22147 | Swamp:1  | 22147 ||| SWAPPING to +0 hand axe of Objectivity {flame,
                  | Int+6}.
 22149 | Swamp:1  | 22149 ||| SWAPPING to +8 mithril axe "Arga" {speed, Will+}.
 22270 | Swamp:1  | 22270 ||| INVOKING Heroism.
 22272 | Swamp:1  | 22272 ||| SWAPPING to +0 hand axe of Objectivity {flame,
                  | Int+6}.
 22283 | Swamp:1  | 22283 ||| SWAPPING to +8 mithril axe "Arga" {speed, Will+}.
 22307 | Swamp:1  | You are sucked into a shaft and drop 1 floor!
 22308 | Swamp:2  | 22308 ||| Stepping ~*~*~tactically~*~*~ (hiding).
 22309 | Swamp:2  | 22309 ||| Stepping ~*~*~tactically~*~*~ (hiding).
 22320 | Swamp:2  | Reached XP level 17. HP: 109/109 MP: 24/24
 22376 | Swamp:1  | 22376 ||| Stepping ~*~*~tactically~*~*~ (hiding).
 22406 | Swamp:1  | Reached skill level 6 in Dodging
 22606 | Swamp:1  | Received a gift from Okawaru
 22840 | Swamp:1  | 22840 ||| DROPPING amulet of regeneration.
 22857 | Swamp:2  | 22857 ||| Stepping ~*~*~tactically~*~*~ (hiding).
 22860 | Swamp:2  | 22860 ||| INVOKING Heroism.
 22961 | Swamp:2  | 22961 ||| INVOKING Heroism.
 23100 | Swamp:2  | 23100 ||| Stepping ~*~*~tactically~*~*~ (hiding).
 23189 | Swamp:2  | 23189 ||| Stepping ~*~*~tactically~*~*~ (stealth).
 23190 | Swamp:2  | 23190 ||| Stepping ~*~*~tactically~*~*~ (stealth).
 23361 | Swamp:2  | Identified the +1 plate armour "Jihuilla" {rC+ Int+5}
 23491 | Swamp:2  | 23491 ||| Stepping ~*~*~tactically~*~*~ (hiding).
 23767 | Swamp:3  | 23767 ||| INVOKING Heroism.
 23794 | Swamp:3  | 23794 ||| INVOKING Heroism.
 23806 | Swamp:3  | Received a gift from Okawaru
 23982 | Swamp:3  | 23982 ||| Stepping ~*~*~tactically~*~*~ (hiding).
 23983 | Swamp:3  | 23983 ||| INVOKING Heroism.
 23998 | Swamp:3  | 23998 ||| Stepping ~*~*~tactically~*~*~ (cloud).
 24187 | Swamp:3  | 24187 ||| Stepping ~*~*~tactically~*~*~ (hiding).
 24399 | Swamp:3  | 24399 ||| INVOKING Heroism.
 24403 | Swamp:3  | 24403 ||| SWAPPING to +0 hand axe of Objectivity {flame,
                  | Int+6}.
 24407 | Swamp:3  | 24407 ||| SWAPPING to +8 mithril axe "Arga" {speed, Will+}.
 24435 | Swamp:3  | 24435 ||| Stepping ~*~*~tactically~*~*~ (hiding).
 24581 | Swamp:3  | 24581 ||| INVOKING Heroism.
 24716 | Swamp:3  | 24716 ||| PLANNING SNAKE:1-3
 24801 | Snake:1  | Entered Level 1 of the Snake Pit
 24802 | Snake:1  | 24802 ||| Stepping ~*~*~tactically~*~*~ (hiding).
 24823 | Snake:1  | 24823 ||| Stepping ~*~*~tactically~*~*~ (hiding).
 24824 | Snake:1  | 24824 ||| Stepping ~*~*~tactically~*~*~ (hiding).
 24825 | Snake:1  | 24825 ||| Stepping ~*~*~tactically~*~*~ (hiding).
 24828 | Snake:1  | 24828 ||| Stepping ~*~*~tactically~*~*~ (hiding).
 24961 | Snake:1  | 24961 ||| Stepping ~*~*~tactically~*~*~ (hiding).
 25027 | Snake:1  | 25027 ||| Stepping ~*~*~tactically~*~*~ (hiding).
 25099 | Snake:1  | Received a gift from Okawaru
 25211 | Snake:1  | 25211 ||| Stepping ~*~*~tactically~*~*~ (hiding).
 25212 | Snake:1  | 25212 ||| Stepping ~*~*~tactically~*~*~ (hiding).
 25215 | Snake:1  | 25215 ||| Stepping ~*~*~tactically~*~*~ (hiding).
 25400 | Snake:1  | Found Sooczun's Antique Armour Boutique.
 25499 | Snake:1  | 25499 ||| INVOKING Heroism.
 25704 | Snake:2  | 25704 ||| Stepping ~*~*~tactically~*~*~ (hiding).
 25705 | Snake:2  | 25705 ||| Stepping ~*~*~tactically~*~*~ (hiding).
 25845 | Snake:2  | 25845 ||| Stepping ~*~*~tactically~*~*~ (hiding).
 25872 | Snake:2  | 25872 ||| INVOKING Heroism.
 25879 | Snake:2  | Received a gift from Okawaru
 26112 | Snake:2  | 26112 ||| INVOKING Heroism.
 26133 | Snake:2  | Reached skill level 15 in Fighting
 26136 | Snake:2  | Noticed Azrael
 26155 | Snake:2  | Killed Azrael
 26265 | Snake:2  | 26265 ||| Stepping ~*~*~tactically~*~*~ (stealth).
 26341 | Snake:2  | 26341 ||| Stepping ~*~*~tactically~*~*~ (stealth).
 26356 | Snake:2  | Reached XP level 18. HP: 116/119 MP: 25/25
 26368 | Snake:2  | 26368 ||| DROPPING +0 hand axe of Objectivity {flame,
                  | Int+6}.
 26431 | Snake:2  | 26431 ||| Stepping ~*~*~tactically~*~*~ (hiding).
 26500 | Snake:2  | Noticed Frances
 26501 | Snake:2  | 26501 ||| INVOKING Heroism.
 26502 | Snake:2  | 26502 ||| INVOKING Finesse.
 26511 | Snake:2  | Killed Frances
 26598 | Snake:2  | 26598 ||| DROPPING +0 cloak "Ijasos" {Fly rElec Int-4
                  | Dex+3}.
 26599 | Snake:2  | 26599 ||| UPGRADING to +0 tower shield.
 26609 | Snake:2  | 26609 ||| DROPPING +2 kite shield of positive energy.
 26633 | Snake:3  | 26633 ||| Stepping ~*~*~tactically~*~*~ (hiding).
 26680 | Snake:3  | 26680 ||| Stepping ~*~*~tactically~*~*~ (stealth).
 26701 | Snake:3  | Received a gift from Okawaru
 26899 | Snake:3  | 26899 ||| Stepping ~*~*~tactically~*~*~ (hiding).
 27040 | Snake:3  | Reached skill level 15 in Shields
 27092 | Snake:3  | 27092 ||| Stepping ~*~*~tactically~*~*~ (stealth).
 27101 | Snake:3  | 27101 ||| Stepping ~*~*~tactically~*~*~ (hiding).
 27103 | Snake:3  | 27103 ||| Stepping ~*~*~tactically~*~*~ (stealth).
 27104 | Snake:3  | 27104 ||| Stepping ~*~*~tactically~*~*~ (hiding).
 27107 | Snake:3  | 27107 ||| Stepping ~*~*~tactically~*~*~ (stealth).
 27110 | Snake:3  | Received a gift from Okawaru
 27159 | Snake:3  | 27159 ||| Stepping ~*~*~tactically~*~*~ (hiding).
 27184 | Snake:3  | 27184 ||| Stepping ~*~*~tactically~*~*~ (stealth).
 27185 | Snake:3  | 27185 ||| Stepping ~*~*~tactically~*~*~ (hiding).
 27241 | Snake:3  | 27241 ||| Stepping ~*~*~tactically~*~*~ (stealth).
 27249 | Snake:3  | 27249 ||| Stepping ~*~*~tactically~*~*~ (stealth).
 27325 | Snake:3  | 27325 ||| Stepping ~*~*~tactically~*~*~ (hiding).
 27332 | Snake:3  | 27332 ||| Stepping ~*~*~tactically~*~*~ (stealth).
 27367 | Snake:3  | 27367 ||| INVOKING Heroism.
 27638 | Snake:3  | 27638 ||| PLANNING SWAMP:4
 27638 | Snake:3  | 27638 ||| DROPPING scarf of repulsion.
 27764 | Swamp:4  | Entered Level 4 of the Swamp
 27798 | Swamp:4  | 27798 ||| Stepping ~*~*~tactically~*~*~ (hiding).
 27800 | Swamp:4  | 27800 ||| Stepping ~*~*~tactically~*~*~ (hiding).
 27804 | Swamp:4  | 27804 ||| INVOKING Heroism.
 27809 | Swamp:4  | 27809 ||| Stepping ~*~*~tactically~*~*~ (hiding).
 27810 | Swamp:4  | 27810 ||| Stepping ~*~*~tactically~*~*~ (hiding).
 27828 | Swamp:4  | 27828 ||| Stepping ~*~*~tactically~*~*~ (hiding).
 27829 | Swamp:4  | 27829 ||| Stepping ~*~*~tactically~*~*~ (hiding).
 27836 | Swamp:4  | 27836 ||| Stepping ~*~*~tactically~*~*~ (hiding).
 27837 | Swamp:4  | 27837 ||| Stepping ~*~*~tactically~*~*~ (hiding).
 27856 | Swamp:4  | Received a gift from Okawaru
 27859 | Swamp:4  | 27859 ||| INVOKING Heroism.
 27869 | Swamp:4  | 27869 ||| Stepping ~*~*~tactically~*~*~ (stealth).
 27971 | Swamp:4  | 27971 ||| INVOKING Heroism.
 28042 | Swamp:4  | 28042 ||| INVOKING Heroism.
 28059 | Swamp:4  | 28059 ||| Stepping ~*~*~tactically~*~*~ (cloud).
 28139 | Swamp:4  | 28139 ||| Stepping ~*~*~tactically~*~*~ (hiding).
 28141 | Swamp:4  | 28141 ||| INVOKING Heroism.
 28165 | Swamp:4  | Received a gift from Okawaru
 28178 | Swamp:4  | 28178 ||| Stepping ~*~*~tactically~*~*~ (hiding).
 28196 | Swamp:4  | 28196 ||| INVOKING Heroism.
 28207 | Swamp:4  | Received a gift from Okawaru
 28266 | Swamp:4  | 28266 ||| Stepping ~*~*~tactically~*~*~ (hiding).
 28297 | Swamp:4  | Got a decaying rune of Zot
 28336 | Swamp:4  | 28336 ||| INVOKING Heroism.
 28415 | Swamp:4  | Reached skill level 18 in Shields
 28440 | Swamp:4  | Received a gift from Okawaru
 28572 | Swamp:4  | 28572 ||| PLANNING VAULTS:1-4
 28793 | Vaults:1 | Entered Level 1 of the Vaults
 28794 | Vaults:1 | 28794 ||| PLANNING WIZLAB
 28828 | Vaults:1 | Received a gift from Okawaru
 28852 | Vaults:1 | 28852 ||| STAIRDANCE
 28969 | Vaults:1 | Received a gift from Okawaru
 28970 | Vaults:1 | Reached skill level 12 in Armour
 29015 | Vaults:1 | 29015 ||| Stepping ~*~*~tactically~*~*~ (hiding).
 29026 | Vaults:1 | 29026 ||| PLANNING D:1-11
 29031 | Vaults:1 | Reached XP level 19. HP: 123/124 MP: 26/26
 29436 | D:1      | 29436 ||| PLANNING LAIR
 29748 | Lair:5   | 29748 ||| PLANNING D:1-11
 30161 | D:11     | 30161 ||| PLANNING D
 30398 | D:15     | 30398 ||| PLANNING ORC
 30564 | Orc:2    | 30564 ||| PLANNING SWAMP:1-3
 30742 | Swamp:3  | 30742 ||| PLANNING SNAKE:1-3
 30835 | Snake:3  | 30835 ||| PLANNING SWAMP:4
 30929 | Swamp:4  | 30929 ||| PLANNING VAULTS:1-4
 31115 | Vaults:1 | 31115 ||| RIP WIZLAB
 31247 | Vaults:1 | 31247 ||| Stepping ~*~*~tactically~*~*~ (stealth).
 31249 | Vaults:1 | 31249 ||| Stepping ~*~*~tactically~*~*~ (stealth).
 31251 | Vaults:1 | 31251 ||| INVOKING Finesse.
 31353 | Vaults:1 | Noticed Zenata
 31353 | Vaults:1 | 31353 ||| INVOKING Heroism.
 31369 | Vaults:1 | HP: 22/124 [Zenata/a resonance strike (21)]
 31370 | Vaults:1 | 31370 ||| READING 9 scrolls of teleportation.
 31370 | Vaults:1 | Annihilated by Zenata

Levels and vault maps discovered:
D:1:      dpeg_arrival_round_b, layout_rooms
D:2:      layout_basic, shapermc_ecumenical_altar_totnotflames
D:3:      layout_loops_ring
D:4:      minmay_angry_zag, layout_rooms, nicolae_ashenzari_skybound,
          gammafunk_ghost_nasty_kobolds, minmay_gold_behind_fungi,
          uniq_eustachio, uniq_grinder
D:5:      layout_loops_ring, nicolae_uskayaw_murder_on_the_dancefloor,
          grunt_temple_overflow_open, mainiacjoe_overflow_tiny_flanked,
          dreamdust_mushroom_princess, uniq_edmund, uniq_blork_the_orc
D:6:      layout_rooms, slow_altar_2, temple_pool_b, portal_sewer_entry_d,
          minmay_misc_feat_columns, nicolae_water_bricks,
          hangedman_decor_growths, roderic_roman_lattice
D:7:      minmay_recursive_quarters, layout_basic, uniq_maggie
D:8:      layout_rooms, nicolae_gozag_cash_rules_everything_around_me,
          serial_shops, shop
D:9:      layout_basic, nicolae_hepliaklqana_hippocampus, erik_orc_3,
          enter_bailey_5, minmay_shop_grid_forest, uniq_pikel, uniq_gastronok
D:10:     layout_roguey, dreamdust_divine_triumvirate, nicolae_ru_path_of_blood,
          nicolae_straight_to_the_point, uniq_sonja
D:11:     layout_small_grid, dpeg_oklobed_lair,
          portal_ice_cave_entry_ice_simulacra, serial_bayou_crossing
D:12:     layout_layer_cave, ebering_ghost_funeral_grove,
          nicolae_yredelemnul_corpse_copse
D:13:     layout_cave_pods, lightli_vaults_fourway_checkpoint, uniq_erolcha,
          uniq_urug
D:14:     layout_basic, serial_bayou, serial_bayou_lagoon_a,
          serial_bayou_pond_e, serial_bayou_ford_a, serial_bayou_pond_b,
          maelrawn_ghost_gauntlet_escape, corexii_leaking_fountain,
          kennysheep_small_square, uniq_roxanne
D:15:     grunt_enter_depths_snipers, layout_loops_ring
Temple:   hellmonk_temple_rainy
Lair:1:   layout_loops_ring, beast_lair_carwin_10, grunt_megastairs_1,
          infiniplex_staircase_pool, serial_bayou_shore_b
Lair:2:   layout_gridlike, ebering_ghost_rock_garden
Lair:3:   layout_long_grid, swamp_mist, minmay_snake_entry_guardpost_small,
          uniq_snorg
Lair:4:   layout_misc_corridors, nicolae_slime_entry_slimehenge,
          serial_bayou_shore_a, grunt_megastairs_2
Lair:5:   grunt_lair_end_beastmaster, layout_cave_pods,
          cheibrodos_lair_lostbears
Swamp:1:  nicolae_swamp_ascending_descending_big, layout_falls_marsh,
          hangedman_swamp_pad, swamp_pool4
Swamp:2:  layout_basic_swamp, evilmike_swamp_ruin_rubble_2
Swamp:3:  layout_basic_swamp, evilmike_swamp_ruin_rubble_1
Swamp:4:  swamp_alternative, layout_basic_swamp, swamp_pool1
Snake:1:  layout_misc_corridors, serial_shops, nicolae_shop_just_a_little_nook
Snake:2:  layout_cave_town, uniq_azrael, uniq_frances
Snake:3:  cheibrodos_snake_ritualist_ritual, layout_misc_corridors,
          hangedman_snake_corridor_split
Orc:1:    layout_caves, serial_shops, nicolae_shop_bloodbath_and_beyond,
          nicolae_diamond_shop, shop, nicolae_shop_advertising_works
          [nicolae_subvault_shop_adworks], nicolae_shop_back_alley_shop
Orc:2:    st_orc_rangers, layout_caves, nicolae_orc_lava_tube, uniq_rupert
Vaults:1: mu_enter_wizlab_2, nicolae_vaults_murderbox, vaults_dpeg_cross,
          v_misc_27, nicolae_vaults_tetromino_Z_2, v_misc_22,
          nicolae_vaults_shelves_hall, v_misc_3, v_misc_23,
          vaults_dpeg_emergency_exit, vaults_room_grunt_arrival_ludios,
          nicolae_vaults_more_shelving_2, nicolae_vaults_specimen_jars,
          layout_vaults_big_cross, serial_glass, uniq_zenata

Skill      XL: |  1  2  3  4  5  6  7  8  9 10 11 12 13 14 15 16 17 18 |
---------------+-------------------------------------------------------+-----
Axes           | 2 3 5 6 7 8 9 10 12 14 15 16 18 | 18.0
Fighting       | 4 6 7 8 9 10 11 12 13 15 | 15.0
Dodging        | 1 2 3 4 5 8 |  8.0
Armour         | 4 6 7 9 10 11 12 | 12.0
Shields        | 4 5 6 8 11 12 13 14 18 | 18.6
Invocations    | 2 4 6 10 | 10.0
Throwing       | 1 2 4 5 7 8 |  8.0

Action                     |  1- 3 |  4- 6 |  7- 9 | 10-12 | 13-15 | 16-18 | 19-21 || total
---------------------------+-------+-------+-------+-------+-------+-------+-------++-------
  Melee: War axe           |   114 |   111 |   298 |   623 |       |       |       ||  1146
         Broad axe         |       |       |       |       |   941 |  1183 |    48 ||  2172
         Morningstar       |       |       |       |       |    45 |       |       ||    45
         Hand axe          |       |       |       |       |       |    14 |       ||    14
  Throw: Boomerang         |       |       |       |    11 |    85 |    50 |       ||   146
         Javelin           |       |       |       |       |    79 |   209 |    17 ||   305
 Invoke: Heroism           |       |       |     2 |    15 |    24 |    31 |     1 ||    73
         Finesse           |       |       |       |     2 |     7 |     7 |     1 ||    17
    Use: Scroll            |     7 |     1 |     5 |     9 |     3 |     1 |     1 ||    27
         Potion            |       |       |     7 |     2 |     1 |       |       ||    10
   Stab: Distracted        |       |       |       |       |     1 |       |       ||     1
         Petrified         |       |       |       |       |     3 |       |       ||     3
         Confused          |       |       |       |       |       |     1 |       ||     1
 Armour: Scale mail        |    29 |       |       |       |       |       |       ||    29
         Plate armour      |    33 |    75 |   144 |    84 |       |       |       ||   336
         Chain mail        |       |       |       |   155 |   363 |   213 |     8 ||   739
  Dodge: Dodged            |    33 |    19 |    56 |   208 |   428 |   313 |     6 ||  1063
  Block: Buckler           |    26 |    52 |   111 |   223 |       |       |       ||   412
         Reflection        |       |       |     2 |     8 |     9 |   144 |     4 ||   167
         Kite shield       |       |       |       |    68 |   765 |   505 |       ||  1338
         Tower shield      |       |       |       |       |       |   330 |    16 ||   346

Table legend:
 A = Non-vault XP
 B = Vault XP
 C = Vault XP percentage of total XP
 D = Non-vault monster count
 E = Vault monster count
 F = Vault count percentage of total count
                 A         B        C        D         E       F
            +---------+---------+-------+---------+---------+-------
      Total |  239333 |   84220 |  26.0 |     824 |     235 |  22.2
            +---------+---------+-------+---------+---------+-------
        D:1 |      45 |       0 |   0.0 |      23 |       0 |   0.0
        D:2 |      14 |       0 |   0.0 |       9 |       0 |   0.0
        D:3 |      53 |       0 |   0.0 |      15 |       0 |   0.0
        D:4 |     835 |     512 |  38.0 |      27 |       6 |  18.2
        D:5 |     483 |     274 |  36.2 |      13 |       2 |  13.3
        D:6 |    1274 |      53 |   4.0 |      26 |       2 |   7.1
        D:7 |     802 |     890 |  52.6 |      15 |       9 |  37.5
        D:8 |    1271 |       0 |   0.0 |      17 |       0 |   0.0
        D:9 |    1905 |    2687 |  58.5 |      18 |      26 |  59.1
       D:10 |    6032 |     788 |  11.6 |      34 |       1 |   2.9
       D:11 |    5561 |     649 |  10.5 |      33 |       6 |  15.4
       D:12 |    6127 |    5380 |  46.8 |      27 |      13 |  32.5
       D:13 |    8963 |    8120 |  47.5 |      20 |      14 |  41.2
       D:14 |    8773 |    3656 |  29.4 |      24 |       5 |  17.2
       D:15 |   13250 |    2674 |  16.8 |      29 |       3 |   9.4
     Lair:1 |    5413 |    3237 |  37.4 |      24 |      12 |  33.3
     Lair:2 |    2275 |       0 |   0.0 |      11 |       0 |   0.0
     Lair:3 |   13785 |    1417 |   9.3 |      28 |       4 |  12.5
     Lair:4 |   11834 |    1177 |   9.0 |      39 |       9 |  18.8
     Lair:5 |   24548 |   11290 |  31.5 |      71 |      24 |  25.3
    Swamp:1 |    4824 |       0 |   0.0 |      10 |       0 |   0.0
    Swamp:2 |   12621 |       0 |   0.0 |      25 |       0 |   0.0
    Swamp:3 |   18352 |       0 |   0.0 |      36 |       0 |   0.0
    Swamp:4 |   14054 |   17022 |  54.8 |      26 |      27 |  50.9
    Snake:1 |    8884 |       0 |   0.0 |      21 |       0 |   0.0
    Snake:2 |   22761 |    3350 |  12.8 |      47 |       7 |  13.0
    Snake:3 |   19665 |    8000 |  28.9 |      37 |      19 |  33.9
      Orc:1 |    8976 |       0 |   0.0 |      64 |       0 |   0.0
      Orc:2 |    3614 |    7864 |  68.5 |      26 |      39 |  60.0
   Vaults:1 |   12339 |    5027 |  28.9 |      29 |       5 |  14.7
      Sewer |       0 |     153 | 100.0 |       0 |       2 | 100.0
            +---------+---------+-------+---------+---------+-------
